 Dungeon Crawl Stone Soup version 0.22-a0-247-gbddf880757 (webtiles) character file.

47 RedPan the Slasher (level 3, 0/29 HPs)
             Began as a Demonspawn Monk on Feb 27, 2018.
             Slain by Ijyb (2 damage)
             ... on level 3 of the Dungeon.
             The game lasted 00:01:38 (1476 turns).

RedPan the Slasher (Demonspawn Monk)                Turns: 1476, Time: 00:01:39

Health: 0/29       AC:  5    Str: 12    XL:     3   Next: 48%
Magic:  3/3        EV: 13    Int: 11    God:
Gold:   104        SH:  0    Dex: 15    Spells: 2/2 levels left

rFire    . . .     SeeInvis .   a - +0 falchion
rCold    . . .     Gourm    .   (no shield)
rNeg     . . .     Faith    .   b - +0 robe
rPois    .         Spirit   .   (no helmet)
rElec    .         Reflect  .   (no cloak)
rCorr    .         Harm     .   (no gloves)
MR       .....                  (no boots)
Stlth    ++........             (no amulet)
HPRegen  0.09/turn              (no ring)
MPRegen  0.08/turn              (no ring)

@: no status effects
A: slimy green scales 2
a: no special abilities


You were on level 3 of the Dungeon.
You were not hungry.

You visited 1 branch of the dungeon, and saw 3 of its levels.

You collected 104 gold pieces.

Inventory:

Hand Weapons
 a - a +0 falchion (weapon)
Armour
 b - a +0 robe (worn)
 l - a +0 shield
Scrolls
 g - 3 scrolls of identify {unknown}
 h - a scroll of immolation {unknown}
 i - a scroll of enchant armour {unknown}
 j - a scroll of fear {unknown}
 k - a scroll of remove curse {unknown}
 m - a scroll of amnesia {unknown}
 n - a scroll of blinking {unknown}
Potions
 d - a potion of brilliance {unknown}
 e - 2 potions of mutation {unknown}
 f - a potion of curing {unknown}
Comestibles
 c - 5 rations


   Skills:
 - Level 3.0 Fighting
 * Level 3.7 Long Blades
 + Level 3.2 Dodging
 - Level 1.7 Stealth


You had 2 spell levels left.
You didn't know any spells.

Dungeon Overview and Level Annotations

Branches:
Dungeon (2/15)

Altars:

Annotations:
D:2 1 runed door
D:3 Ijyb


Innate Abilities, Weirdness & Mutations

You are mostly covered in slimy green scales. (AC +3)


Message History

Ijyb is lightly wounded.
Ijyb hits you.
You barely miss Ijyb.
Ijyb is lightly wounded.
Ijyb barely misses you.
You hit Ijyb.
Ijyb is moderately wounded.
Ijyb closely misses you.
You hit Ijyb.
Ijyb is moderately wounded.
Ijyb zaps a wand.
The bolt of acid hits you!
You are splashed with acid!
The acid burns!
* * * LOW HITPOINT WARNING * * *
You slash Ijyb!
Ijyb is heavily wounded.
Ijyb closely misses you.
You hit Ijyb.
Ijyb is severely wounded.
Ijyb hits you.
You die...

### ..#
#.# #.#
#.# #.#
#g# #@# ##
#.# ...
#.# #..
#.# #.#
#.# #.#
#.# #.#
#.#
#.######.#
#.....(..#


You could see Ijyb.

Vanquished Creatures
  A gnoll (D:1)
  An ooze (D:1)
  A dart slug (D:1)
  2 leopard geckos
  An orc (D:3)
  3 bats
  6 hobgoblins
  2 jackals (D:1)
  3 kobolds
  2 frilled lizards (D:1)
  2 goblins
  3 rats
27 creatures vanquished.

Notes
Turn   | Place    | Note
-------+----------+-------------------------------------------
     0 | D:1      | RedPan the Demonspawn Monk began the quest for the Orb.
     0 | D:1      | Reached XP level 1. HP: 18/18 MP: 1/1
   176 | D:1      | Gained mutation: You are partially covered in slimy green scales. (AC +2) [demonic ancestry]
   176 | D:1      | Reached XP level 2. HP: 22/24 MP: 2/2
   696 | D:1      | Gained mutation: You are mostly covered in slimy green scales. (AC +3) [demonic ancestry]
   696 | D:1      | Reached XP level 3. HP: 28/29 MP: 3/3
  1255 | D:2      | Found a runed door.
  1342 | D:2      | You fall through a shaft!
  1459 | D:3      | Noticed Ijyb
  1476 | D:3      | Slain by Ijyb

Vault maps used:
D:1:      dpeg_arrival_rooms_with_view, serial_bayou_ford_a
D:2:      grunt_ministairs_5, serial_park_tiny_1, uniq_natasha,
          uniq_crazy_yiuf_cottage, uniq_jessica
D:3:      first_ration, grunt_ministairs_12, uniq_ijyb

Skill      XL: |  1  2 |
---------------+-------+-----
Long Blades    | 3 |  3.7
Dodging        | 3 |  3.2
Fighting       | |  3.0
Stealth        | |  1.7

Action                   || total
-------------------------++-------
Melee: Falchion          ||    89
 Stab: Sleeping          ||     3
  Eat: Chunk             ||     2
Armor: Robe              ||    21
Dodge: Dodged            ||    59
       Rpst.: Falchion   ||    16

Table legend:
 A = Spawn XP
 B = Non-spawn XP
 C = Spawn XP percentage of total XP
 D = Spawn monster count
 E = Non-spawn monster count
 F = Spawn count percentage of total count
 G = Total turns spent on level
                    A         B        C        D         E        F      G
               +---------+---------+-------+---------+---------+-------+---------
         Total |       0 |      68 |   0.0 |       0 |      27 |   0.0 |  1476
               +---------+---------+-------+---------+---------+-------+---------
           D:1 |       0 |      53 |   0.0 |       0 |      19 |   0.0 |  1093
           D:2 |       0 |       7 |   0.0 |       0 |       4 |   0.0 |   249
           D:3 |       0 |       8 |   0.0 |       0 |       4 |   0.0 |   134
               +---------+---------+-------+---------+---------+-------+---------
